[Event "Early-Titled-Tuesday-Blitz-May-28-2024"]
[Site "Chess.com"]
[Date "2024.05.28"]
[Round "3"]
[White "mostafa_sakha"]
[Black "GlavkonVVS"]
[Result "0-1"]
[WhiteElo "2320"]
[BlackElo "2586"]
[TimeControl "180+1"]
[EndTime "8:29:17 PDT"]
[Termination "GlavkonVVS won on time"]

1. d4 Nf6 2. c4 c5 3. d5 e6 4.
Nc3 exd5 5. cxd5 d6 6. e4 g6 7. Nge2 Bg7 8. Ng3 a6 9. a4 h5 10. Be2 h4 11. Nf1 Qe7 12. Bg5 h3 13. g3 Nbd7 14.
Ne3 Rb8 15. a5 Qe5 16. Bf4 Qe7 17. Nc4 Ne5 18. Nxe5 dxe5 19. Be3 Bd7 20. O-O Rc8 21.
Qd2 O-O 22. f3 c4 23. Rfb1 Qb4 24. Nd1 Qxd2 25. Bxd2 Rfd8 26. Kf2 Bf8 27. Be3 Bc5 28. Bxc5 Rxc5 29. Ne3 Bb5 30. Rc1 Rdc8 31. Rc3 Ne8 32.
Rac1 Nd6 33. b4 R5c7 34. Bf1 Bd7 35. g4 f5 36. gxf5 gxf5 37. Bxh3 f4 38. Ng4 Kg7 39. Rg1 Bxg4 40. Rxg4+ Kf6 41. Rh4 Rg8 42. Rh6+ Rg6 43.
Rxg6+ Kxg6 44. Bf1 Kg5 45. Be2 Kh4 46. Kg2 Rg7+ 47. Kf2 Kh3 48. Rc2 Rg2+ 49. Ke1 Kxh2 50. Bd1 Rxc2 51. Bxc2 Kg2 52. Ke2 Nb5 53. Bd1 Kg3 54.
Kd2 Kf2 0-1

[Event "Early-Titled-Tuesday-Blitz-May-28-2024"]
[Site "Chess.com"]
[Date "2024.05.28"]
[Round "3"]
[White "ural58"]
[Black "Matsanovic"]
[Result "0-1"]
[WhiteElo "2441"]
[BlackElo "2616"]
[TimeControl "180+1"]
[EndTime "8:29:18 PDT"]
[Termination "Matsanovic won by checkmate"]

1. e4 c5 2. b3 b6 3. d4 cxd4 4. Qxd4 Nc6 5. Qd2 Bb7 6. Bb2 e6 7. Nf3 Qc7 8. Nc3 a6 9. O-O-O Rc8 10. Kb1 Nge7 11. a3 Ng6 12. g3 Be7 13. Bg2 Bf6 14.
Rhe1 O-O 15. Qxd7 Qb8 16. Qd6 Rc7 17. Qd2 Rfc8 18. Rc1 b5 19. Na2 Bxb2 20. Kxb2 Rd8 21. Qe3 Nce5 22. h3 Rcd7 23. Nxe5 Qxe5+ 24. Qc3 Rd2 25.
Qxe5 Nxe5 26. Bf1 Rxf2 27. Nc3 Kf8 28. Rcd1 Rc8 29. Re2 Rf3 30. Na2 Rxg3 31. Rd6 Ke7 32. Red2 Rc7 33. a4 bxa4 34. bxa4 a5 35. Bb5 Bxe4 36. Ra6 Nc4+ 37. Bxc4 Rxc4 38. Rxa5 Bc6 39. Ra7+ Kf6 40. a5 Rxh3 41. Rf2+ Rf3 42. Rh2 h6 43. a6 Ra4 44. c3 Bd5 45. Nb4 Rf1 46. Nxd5+ exd5 47. Rd2 Rfa1 48. Rf2+ Ke6 49. Rfxf7 Rxa6 50.
Rae7+ Kd6 51. Rd7+ Kc5 52. Rxg7 R1a2+ 53. Kb3 R6a3# 0-1

[Event "Early-Titled-Tuesday-Blitz-May-28-2024"]
[Site "Chess.com"]
[Date "2024.05.28"]
[Round "3"]
[White "Actuary44"]
[Black "kachsona"]
[Result "0-1"]
[WhiteElo "2458"]
[BlackElo "2640"]
[TimeControl "180+1"]
[EndTime "8:29:19 PDT"]
[Termination "kachsona won by checkmate"]

1. e4 e6 2. d4 d5 3. Nc3 Nf6 4. e5 Nfd7 5. f4 c5 6. dxc5 Bxc5 7. Nf3 Nc6 8. Bd3 O-O 9. Bxh7+ Kxh7 10. Ng5+ Kg6 11.
Qg4 f5 12. Qg3 Qe7 13. Qh4 Ndxe5 14. fxe5 Nxe5 15. Bf4 Ng4 16. O-O-O Be3+ 17. Bxe3 Nxe3 18. Qh7+ Kxg5 19. Rd3 Ng4 20. h3 Nf6 21. Rg3+ Kf4 22. Qh4+ Ke5 23. Nb5 Qc5 24. Rf1 d4 25. Qf4+ Kd5 26.
Nc7+ Kc6 27. Nxa8 e5 28. Qf3+ e4 29. Qf4 Nd5 30. Qe5 Bd7 31. Rg6+ Rf6 32. Rxg7 d3 33.
c3 d2+ 34. Kxd2 Qe3+ 35. Kc2 Qe2+ 36. Kb3 Qxf1 37. Rxd7 Qb5+ 38. Kc2 Ne3+ 39. Kd2 Qxe5 40. Kxe3 Kxd7 41. Nb6+ axb6 42. g4 Qg3+ 43. Ke2 Rd6 44. Kf1 Qf3+ 45. Kg1 Rd1+ 46. Kh2 Rh1# 0-1

[Event "Early-Titled-Tuesday-Blitz-May-28-2024"]
[Site "Chess.com"]
[Date "2024.05.28"]
[Round "3"]
[White "AryanTari"]
[Black "nabukatnezarr"]
[Result "1-0"]
[WhiteElo "3048"]
[BlackElo "2667"]
[TimeControl "180+1"]
[EndTime "8:29:20 PDT"]
[Termination "AryanTari won by resignation"]

1. e4 e5 2. Nf3 Nc6 3. d4 exd4 4. Nxd4 Nf6 5. Nxc6 bxc6 6. Nd2 Bc5 7. Nb3 Bb6 8. e5 Qe7 9. Qe2 Nd5 10. c4 Nb4 11. a3 Na6 12. Bd2 Rb8 13. Bc3 Bxf2+ 14. Qxf2 Rxb3 15.
Be2 O-O 16. O-O Rxc3 17. bxc3 Qxe5 18. Rae1 Qc5 19. Qd4 Qxa3 20. Bd3 Qc5 21. Rf2 Qxd4 22.
cxd4 c5 23. d5 g6 24. g4 Nb4 25. Bf1 d6 26. h3 f5 27. g5 f4 28. Re7 a5 29. Rxc7 a4 30. Rf3 Nc2 31. Ra7 Nd4 32.
Rf2 Bf5 33. Rxf4 Re8 34. Rxa4 Re1 35. Kf2 Rc1 36. Ra8+ Kg7 37. Ra7+ Kg8 38. Ra2 Rc3 39. h4 Kg7 40. Bg2 Nb3 41. Ra7+ Kg8 42. Ra8+ Kg7 43. Rd8 Nc1 44. Bf1 Nd3+ 45. Bxd3 Rxd3 46. Rxd6 Rd2+ 47.
Ke3 Rd3+ 48. Ke2 Rc3 49. Rc6 Rxc4 50. Rxc4 1-0

[Event "Early-Titled-Tuesday-Blitz-May-28-2024"]
[Site "Chess.com"]
[Date "2024.05.28"]
[Round "3"]
[White "WolfBaoBaoLang"]
[Black "zajka-molotok"]
[Result "1-0"]
[WhiteElo "2073"]
[BlackElo "2530"]
[TimeControl "180+1"]
[EndTime "8:29:20 PDT"]
[Termination "WolfBaoBaoLang won on time"]

1. e4 e6 2. d4 d5 3. e5 c5 4. c3 Nc6 5. Nf3 Bd7 6. Na3 cxd4 7. cxd4 Bxa3 8. bxa3 Nge7 9. Bd3 Qa5+ 10. Qd2 Rc8 11. Qxa5 Nxa5 12. Bd2 Nc4 13. Bb4 Nc6 14. Ke2 Nb2 15.
Rac1 f6 16. exf6 gxf6 17. Bb1 a5 18. Bc3 Nc4 19. a4 Ne7 20. Bc2 Kf7 21. Nd2 Nd6 22.
Bxa5 Ra8 23. Bb4 Ndf5 24. Bxf5 Nxf5 25. Nb3 Rxa4 26. a3 Bb5+ 27. Kd2 Bc4 28. Nc5 Ra7 29.
Rhe1 Nxd4 30. Bc3 Nb3+ 31. Nxb3 Bxb3 32. Bd4 Rxa3 33. Rc7+ Kg6 34. Rxe6 Rf8 35. Bc5 Ra2+ 36. Kc3 Bd1 37. Re1 Ba4 38. Bxf8 Rc2+ 39. Kb4 Rxc7 40. Kxa4 Rc2 41. Re7 Rxf2 42. Rxb7 h5 43. Kb3 Kf5 44.
Rh7 Rxg2 45. Rxh5+ Kg6 46. Rh8 Kf7 47. Bd6 Ke6 48. Bg3 Kf5 49. Kc3 Ke4 50. Re8+ Kf3 51. Kd3 f5 52. Re5 f4 53. Rf5 Rxg3 54. hxg3 Kxg3 55. Rxd5 f3 56. Ke3 f2 57. Rf5 1-0

[Event "Early-Titled-Tuesday-Blitz-May-28-2024"]
[Site "Chess.com"]
[Date "2024.05.28"]
[Round "3"]
[White "Tagir45"]
[Black "ccccvhhhj"]
[Result "1/2-1/2"]
[WhiteElo "2629"]
[BlackElo "2462"]
[TimeControl "180+1"]
[EndTime "8:29:21 PDT"]
[Termination "Game drawn - insufficient material"]

1. e4 e6 2. d4 d5 3. Nc3 Bb4 4.
exd5 exd5 5. Bd3 c6 6. Ne2 Nf6 7. Bf4 O-O 8. f3 c5 9. dxc5 Bxc5 10. Qd2 Nc6 11. O-O-O a6 12. Kb1 b5 13. g4 Be6 14.
Ng3 b4 15. Nce2 a5 16. h4 a4 17. g5 Nd7 18. h5 b3 19. g6 bxa2+ 20. Ka1 a3 21. b3 Qf6+ 22. c3 Nde5 23. Rdf1 Nxd3 24. Qxd3 Nb4 25. Qd2 d4 26. cxd4 Bxb3 27. h6 Nc2+ 28. Qxc2 Bxc2 29. gxh7+ Kh8 30. hxg7+ Qxg7 31. Be5 f6 32.
Nh5 Qe7 33. Nxf6 Rxf6 34. Rh6 Rf8 35. Rxf6 Rxf6 36. Nf4 Bd6 37. Ng6+ Kg7 38. Nxe7 Bxe7 39. Rh1 Kh8 40. Kxa2 Bxh7 41. Rh6 Kg7 42. Bxf6+ Bxf6 43. Rxh7+ Kxh7 44. Kxa3 Bxd4 45. f4 Be3 46. f5 Kg7 47. f6+ Kxf6 1/2-1/2

[Event "Early-Titled-Tuesday-Blitz-May-28-2024"]
[Site "Chess.com"]
[Date "2024.05.28"]
[Round "3"]
[White "Narek_Ghimoyan"]
[Black "ManMish2"]
[Result "0-1"]
[WhiteElo "2423"]
[BlackElo "2699"]
[TimeControl "180+1"]
[EndTime "8:29:21 PDT"]
[Termination "ManMish2 won by checkmate"]

1. e4 e5 2. Nf3 Nc6 3. Bb5 a6 4. Ba4 Nf6 5. O-O Nxe4 6. Re1 Nc5 7. Bxc6 dxc6 8. d4 Ne6 9. Nxe5 Be7 10. Be3 O-O 11. c4 Bf6 12. f4 Bh4 13. g3 Bf6 14. Nc3 g6 15. Qd2 Ng7 16. Rad1 Bh3 17. d5 cxd5 18. Nxd5 Nf5 19. Bc5 Re8 20. Nxg6 Rxe1+ 21. Rxe1 hxg6 22. Re8+ Qxe8 23. Nxf6+ Kg7 24. Nxe8+ Rxe8 25.
Kf2 Bg4 26. Bb4 b6 27. Bc3+ Kh7 28. b3 Nd6 29. Qd4 Ne4+ 30. Kf1 f6 31. Bb2 c5 32. Qd5 Re7 33. Qd8 Rd7 34. Qe8 Rd1+ 35.
Kg2 Rd2+ 36. Kg1 Bf3 37. Qf7+ Kh6 38. Qf8+ Kh5 39. Qh8+ Kg4 40. Qh4+ Kf5 41. g4+ Bxg4 42. Bxf6 Rd1+ 43. Kg2 Rd2+ 44. Kg1 Bf3 45. h3 Rd1+ 46. Kh2 Rh1# 0-1

[Event "Early-Titled-Tuesday-Blitz-May-28-2024"]
[Site "Chess.com"]
[Date "2024.05.28"]
[Round "3"]
[White "krstulov_alex"]
[Black "platy3"]
[Result "1-0"]
[WhiteElo "2665"]
[BlackElo "2873"]
[TimeControl "180+1"]
[EndTime "8:29:22 PDT"]
[Termination "krstulov_alex won by resignation"]

1. d4 Nf6 2. Nf3 d5 3. Bf4 c5 4. e3 Nc6 5. Nbd2 Nh5 6. dxc5 Nxf4 7. exf4 g6 8. c3 Bh6 9. g3 O-O 10. Bg2 b6 11. cxb6 Ba6 12. b7 Rb8 13. Qa4 Qb6 14. Qb3 Rxb7 15. Qxb6 Rxb6 16. O-O-O Rfb8 17. Nb3 e5 18. Rxd5 exf4 19. g4 Bc4 20. Rc5 Be6 21.
Nfd2 f3 22. Bxf3 Ne7 23. g5 Bf8 24. Re1 Nf5 25. Rc6 Rb5 26. Be4 a5 27. Bd3 R5b7 28. Ba6 Ra7 29. Bc4 Bd7 30. Rf6 Nd6 31. Bd5 a4 32.
Nc5 Be8 33. Nde4 Nf5 34. Rxf5 gxf5 35. Nf6+ Kh8 36. Nd3 Bb5 37. Ne5 Bg7 38. Nxf7+ Rxf7 39. Bxf7 a3 40. b3 h6 41. h4 Rd8 42. Be8 Ba6 43.
Bg6 Bb7 44. Re8+ Rxe8 45. Bxe8 hxg5 46. hxg5 Bf8 47. f4 Bd6 48. Nh5 Bf3 49. Kc2 Bxh5 50. Bxh5 Bxf4 51. g6 Kg7 52. b4 Bg5 53. Kb3 Bc1 54.
b5 f4 55. c4 Be3 56. Bf3 Kxg6 57. Kxa3 Kf6 58. Kb4 Ke7 59. a4 Kd6 60. a5 Bc5+ 61.
Ka4 Ke5 62. b6 Kd6 63. Kb5 Bd4 64. a6 1-0

[Event "Early-Titled-Tuesday-Blitz-May-28-2024"]
[Site "Chess.com"]
[Date "2024.05.28"]
[Round "3"]
[White "Skatchkov_V"]
[Black "LLariMarc"]
[Result "0-1"]
[WhiteElo "2636"]
[BlackElo "2496"]
[TimeControl "180+1"]
[EndTime "8:29:22 PDT"]
[Termination "LLariMarc won by checkmate"]

1. d4 e6 2. c4 Bb4+ 3. Nd2 d5 4. Nf3 Nf6 5. a3 Be7 6. e3 O-O 7. Bd3 b6 8. O-O Bb7 9. Qc2 Nbd7 10. b4 c5 11.
dxc5 bxc5 12. b5 h6 13. Bb2 Rc8 14. Rfd1 Qc7 15. a4 a5 16. Rac1 Rfd8 17. h3 Ra8 18. cxd5 exd5 19. e4 d4 20. Nxd4 Ne5 21. Bf1 Qb6 22. Nf5 Qe6 23. Nc4 Bxe4 24. Nxe7+ Qxe7 25. Qc3 Nxc4 26. Bxc4 Qb7 27. Qg3 Kh7 28. f3 Bg6 29.
Qe5 Re8 30. Qxc5 Rac8 31. Qd4 Qb8 32. Bf1 Qg3 33. Rxc8 Rxc8 34. Qf2 Qxf2+ 35. Kxf2 Rc2+ 36. Ke3 Rxb2 37. g4 Rb4 38. Rd6 Rxa4 39. Ra6 Nd5+ 40. Kf2 Ra2+ 41. Kg3 a4 42. Bc4 Rd2 43. Rxa4 Nb6 44.
Rb4 Nxc4 45. Rxc4 Rb2 46. Rc5 Bd3 47. Rc7 f6 48. h4 Bxb5 49. Rb7 Rb3 50. Kf4 Bc4 51. Rc7 Bd5 52. g5 Rxf3+ 53. Kg4 f5+ 54. Kh5 hxg5 55. hxg5 Rh3# 0-1

[Event "Early-Titled-Tuesday-Blitz-May-28-2024"]
[Site "Chess.com"]
[Date "2024.05.28"]
[Round "3"]
[White "ansko1999"]
[Black "tylityli"]
[Result "1/2-1/2"]
[WhiteElo "2590"]
[BlackElo "2379"]
[TimeControl "180+1"]
[EndTime "8:29:22 PDT"]
[Termination "Game drawn by repetition"]

1. b3 e5 2. c4 Nc6 3. Bb2 Nf6 4. g3 Bc5 5. Bg2 O-O 6. d3 Re8 7. Nd2 a5 8. Ngf3 h6 9. O-O d6 10. Ne4 Nxe4 11. dxe4 g5 12. Ne1 Bd4 13. Bxd4 Nxd4 14.
e3 Ne6 15. Bh3 Nc5 16. Bxc8 Qxc8 17. Qc2 Qg4 18. f3 Qe6 19. g4 Kg7 20. Nd3 Nxd3 21. Qxd3 h5 22. h3 hxg4 23. hxg4 Rh8 24. Kg2 Rh4 25.
Rh1 Rah8 26. Rxh4 Rxh4 27. Rh1 Rxh1 28. Kxh1 c6 29. Kg2 b6 30. a3 Kf6 31. Qc3 Ke7 32.
b4 axb4 33. axb4 Qc8 34. Qa3 Qb7 35. b5 cxb5 36. cxb5 Qc7 37. Kg3 Qc5 38. Qd3 Ke6 39.
Qb3+ Ke7 40. Qd3 Ke6 41. Kg2 Ke7 42. Qb3 Kf6 43. Kf2 Ke7 44. Ke2 Qc1 45. Qd5 Qc2+ 46. Ke1 Qc1+ 47. Kf2 Qc2+ 48. Kg3 Qc5 49. Qb3 Qc1 50.
Kf2 Qd2+ 51. Kf1 Qc1+ 52. Ke2 Kf6 53. Kf2 Qd2+ 54. Kf1 Qc1+ 55. Kf2 Qd2+ 56. Kf1 Qc1+ 57. Kf2 1/2-1/2

[Event "Early-Titled-Tuesday-Blitz-May-28-2024"]
[Site "Chess.com"]
[Date "2024.05.28"]
[Round "3"]
[White "remyrushbrooke"]
[Black "Smiechu"]
[Result "1-0"]
[WhiteElo "2274"]
[BlackElo "2418"]
[TimeControl "180+1"]
[EndTime "8:29:22 PDT"]
[Termination "remyrushbrooke won by checkmate"]

1. d4 Nf6 2. Nc3 c5 3. d5 d6 4. e4 e6 5. Nf3 exd5 6. exd5 Be7 7. Be2 O-O 8. O-O Re8 9. a4 a6 10. a5 Bf8 11. Nd2 Nbd7 12. Nc4 Ne5 13. Bf4 Nxc4 14. Bxc4 Ne4 15. Qf3 Nxc3 16. bxc3 Qf6 17. Rab1 g5 18. Be3 Qxf3 19. gxf3 Bg7 20. Rb3 h6 21. f4 g4 22.
Bd3 Re7 23. c4 f5 24. Rb6 Bf8 25. Bd2 Rf7 26. Bc3 Be7 27. f3 h5 28. h3 Kf8 29. fxg4 hxg4 30. hxg4 fxg4 31. f5 Bf6 32. Bxf6 Rxf6 33. Kg2 Rb8 34. Kg3 Ke7 35. Kxg4 Bd7 36.
Re1+ Kd8 37. Kg5 Rf8 38. Rxd6 Kc7 39. Rg6 Be8 40. Rg7+ Kd8 41. Ree7 b6 42. axb6 Rxb6 43. Ra7 Rb8 44. f6 a5 45. Bf5 a4 46. Rxa4 Rf7 47.
Ra7 Rxa7 48. Rxa7 Rb4 49. f7 Bxf7 50. Rxf7 Rxc4 51. Kf6 Rd4 52. Ke6 Rd2 53. Kd6 Ke8 54. Bg6 Rg2 55. Rf6+ Kd8 56. Rf8# 1-0

[Event "Early-Titled-Tuesday-Blitz-May-28-2024"]
[Site "Chess.com"]
[Date "2024.05.28"]
[Round "3"]
[White "KhBegmuratov"]
[Black "Durarbayli"]
[Result "0-1"]
[WhiteElo "2681"]
[BlackElo "2909"]
[TimeControl "180+1"]
[EndTime "8:29:23 PDT"]
[Termination "Durarbayli won by resignation"]

1. e4 c5 2. Nf3 d6 3. Bb5+ Nd7 4. O-O a6 5. Bd3 Ngf6 6. c3 b5 7. Re1 c4 8. Bc2 e6 9. a4 Bb7 10. axb5 axb5 11. Rxa8 Qxa8 12. Na3 Bxe4 13. Bxe4 Nxe4 14. Nxb5 Qb7 15. Nfd4 d5 16. d3 cxd3 17. Qxd3 Bc5 18. b4 Be7 19. f3 Nef6 20. Bf4 O-O 21. Na3 Rc8 22. Nac2 Nh5 23. Bd2 Bd6 24. g3 Nhf6 25. Qe2 h6 26. Kg2 Nb6 27. Qb5 Qc7 28. Ne3 Nfd7 29.
Qe2 Qb7 30. f4 Nf6 31. Nf3 Ne4 32. Qd3 f5 33. Nd4 Qd7 34. Ra1 Nc4 35. Nxc4 dxc4 36. Qe2 Bxb4 37. Rc1 Ba3 38. Rc2 Be7 39. Be3 Bf6 40.
Rc1 Bxd4 41. Bxd4 Qd5 42. Kg1 Ra8 43. Rb1 Kh7 44. Qc2 Ra3 45. Qb2 Rb3 46. Qc2 Qb5 47. Re1 Rb2 48. Qd1 Qd5 49. Qc1 Ra2 50. Qb1 Nxc3 0-1

[Event "Early-Titled-Tuesday-Blitz-May-28-2024"]
[Site "Chess.com"]
[Date "2024.05.28"]
[Round "3"]
[White "eltenedor"]
[Black "secrethawk1"]
[Result "0-1"]
[WhiteElo "2180"]
[BlackElo "2413"]
[TimeControl "180+1"]
[EndTime "8:29:23 PDT"]
[Termination "secrethawk1 won on time"]

1. f4 d5 2. Nf3 Nf6 3. b3 c5 4.
e3 Nc6 5. Bb5 Bd7 6. Bb2 g6 7. Nc3 a6 8. Bxc6 Bxc6 9. Ne5 Bg7 10. Nxc6 bxc6 11. Na4 Qd6 12. Be5 Qe6 13. Nxc5 Qf5 14.
O-O O-O 15. Re1 h5 16. d3 Rfd8 17. Qf3 h4 18. Rad1 Qc8 19. e4 dxe4 20. Nxe4 Nd5 21. Bxg7 Kxg7 22. c4 Nc7 23. d4 Qf5 24. Nc3 Ne6 25.
Qe3 Qxf4 26. d5 Qxe3+ 27. Rxe3 cxd5 28. Rxd5 Nf4 29. Rxd8 Rxd8 30. g3 hxg3 31. hxg3 Ne6 32. Nd5 Kf8 33. Rc3 a5 34. a3 Nd4 35. Kf2 e6 36. Ne3 Rb8 37. Nc2 Rxb3 38. Rxb3 Nxb3 39. Ne3 Nc5 40. Ke2 Ke7 41. Kd2 Kd6 42. Kc3 Ne4+ 43. Kd4 Nxg3 44. c5+ Kc6 45. Nc4 Nf5+ 46. Ke5 Kxc5 47.
Ne3 Nxe3 0-1

[Event "Early-Titled-Tuesday-Blitz-May-28-2024"]
[Site "Chess.com"]
[Date "2024.05.28"]
[Round "3"]
[White "GiorgianBarbosa"]
[Black "Evan_Attaker"]
[Result "1-0"]
[WhiteElo "2478"]
[BlackElo "2625"]
[TimeControl "180+1"]
[EndTime "8:29:25 PDT"]
[Termination "GiorgianBarbosa won on time"]

1. b3 c5 2. Bb2 b6 3. Nf3 Bb7 4.
g3 e6 5. c4 Nf6 6. Bg2 Be7 7.
O-O a6 8. d4 cxd4 9. Qxd4 d6 10. Nc3 Nbd7 11. Rad1 Qc7 12. Ne1 Rc8 13. e3 O-O 14. g4 Rfd8 15. g5 Ne8 16. f4 Bf8 17. h4 Bxg2 18. Nxg2 Qc5 19. Qd2 b5 20. cxb5 axb5 21.
h5 b4 22. Ne4 Qc2 23. Qxc2 Rxc2 24. Rf2 Rdc8 25. Rxc2 Rxc2 26. Rd2 Rxd2 27. Nxd2 Nc5 28. Ne1 d5 29. Kf1 Nd6 30. Ke2 g6 31. h6 Nde4 32.
Bd4 Nxd2 33. Bxc5 Bxc5 34. Kxd2 f6 35. gxf6 Kf7 36. Nf3 Kxf6 37. Ng5 e5 38. Nxh7+ Kf5 39.
fxe5 d4 40. Ng5 dxe3+ 41. Ke2 Bf8 42. h7 Bg7 43. Nf7 Ke6 44. h8=Q Bxh8 45. Nxh8 g5 46.
Kxe3 Kxe5 47. Nf7+ Kf6 48. Nxg5 Kxg5 49. Kd4 Kf5 50. Kc4 1-0

[Event "Early-Titled-Tuesday-Blitz-May-28-2024"]
[Site "Chess.com"]
[Date "2024.05.28"]
[Round "3"]
[White "Chessbard1972"]
[Black "Herzog2012"]
[Result "1/2-1/2"]
[WhiteElo "2417"]
[BlackElo "2600"]
[TimeControl "180+1"]
[EndTime "8:29:25 PDT"]
[Termination "Game drawn - insufficient material"]

1. e4 c5 2. d4 cxd4 3. c3 Nf6 4. e5 Nd5 5. Bc4 Nb6 6. Bb3 Nc6 7. Nf3 d6 8. exd6 Qxd6 9. cxd4 Be6 10. Nc3 Bxb3 11. axb3 e6 12. O-O Be7 13. Nb5 Qd7 14. Bf4 Nd5 15. Bg3 O-O 16. Re1 a6 17. Nc3 Rac8 18. Ne4 f6 19. Rc1 Ncb4 20. Qe2 Qb5 21. Rc4 Nb6 22. Nc5 e5 23. Rcc1 Qxe2 24. Rxe2 Bxc5 25.
Rxc5 Rxc5 26. dxc5 Nd7 27. Re4 a5 28. Rc4 Rc8 29.
Nd2 Rxc5 30. f4 Rxc4 31. bxc4 Kf7 32. Ne4 Ke6 33. f5+ Kxf5 34. Nd6+ Ke6 35. Nxb7 f5 36.
Nxa5 f4 37. Bf2 e4 38. Bd4 g5 39. h3 e3 40. Kf1 Kf5 41. c5 Ke4 42. c6 Nxc6 43. Nxc6 Kd5 44. Ke2 Kxc6 45. b3 Kd5 46.
Bc3 Ke4 47. b4 h5 48. b5 g4 49. hxg4 hxg4 50. Ba5 f3+ 51. gxf3+ gxf3+ 52. Kf1 Kd5 53. b6 Kc6 54. Bc3 Nxb6 55. Bd4 e2+ 56. Kf2 Nc4 57. Bc3 Na3 58. Be1 Nb5 59. Kxf3 Kc5 60. Kxe2 1/2-1/2

[Event "Early-Titled-Tuesday-Blitz-May-28-2024"]
[Site "Chess.com"]
[Date "2024.05.28"]
[Round "3"]
[White "Slovineanu"]
[Black "mindprogress732"]
[Result "1-0"]
[WhiteElo "2554"]
[BlackElo "2164"]
[TimeControl "180+1"]
[EndTime "8:29:25 PDT"]
[Termination "Slovineanu won by resignation"]

1. d4 d6 2. e4 f5 3. exf5 Nf6 4. Bd3 Nc6 5. Nf3 Bd7 6. c4 Qc8 7. Nh4 Nxd4 8. O-O Nxf5 9. Nxf5 Bxf5 10. Nc3 g6 11.
Re1 Bg7 12. Bg5 e5 13. f4 O-O 14. fxe5 Ng4 15. Nd5 Kh8 16. Ne7 Qd7 17. Nxf5 gxf5 18. Be2 Bxe5 19. Bxg4 fxg4 20. Rxe5 Qg7 21. Rd5 c6 22.
Bd2 cxd5 23. Bc3 d4 24. Bxd4 Rf6 25. Qd2 Raf8 26. Re1 Kg8 27. Bxf6 Qxf6 28. Qd5+ Qf7 29. Rd1 Rd8 30. g3 Qxd5 31. Rxd5 Kf7 32. Kf2 Ke6 33. Ke3 Rf8 34. Rg5 Rf3+ 35. Ke2 Rf5 36. Rxg4 Ra5 37. a3 Re5+ 38. Kd3 Rf5 39. Rf4 Rh5 40. h4 Rh6 41. b4 Rg6 42. g4 a6 43. g5 h6 44.
Rg4 hxg5 45. hxg5 Ke5 46. Ke3 Re6 47. Re4+ Kf5 48. Rxe6 Kxe6 49. Kf4 Kf7 50. Kf5 Kg7 51.
Ke6 1-0

[Event "Early-Titled-Tuesday-Blitz-May-28-2024"]
[Site "Chess.com"]
[Date "2024.05.28"]
[Round "3"]
[White "Karttunen"]
[Black "ASKA538"]
[Result "1-0"]
[WhiteElo "2635"]
[BlackElo "2389"]
[TimeControl "180+1"]
[EndTime "8:29:25 PDT"]
[Termination "Karttunen won by resignation"]

1. d4 Nf6 2. c4 g6 3. f3 Bg7 4. e4 d6 5. Be3 O-O 6. Nc3 c5 7. Nge2 cxd4 8. Nxd4 Nc6 9. Qd2 Bd7 10. Be2 Nxd4 11.
Bxd4 a5 12. b3 Bc6 13. O-O Nd7 14. Be3 Nc5 15. Rac1 e6 16. Bg5 f6 17. Be3 f5 18.
exf5 gxf5 19. Rfd1 Be5 20. Bg5 Qb6 21. Kh1 f4 22. Nb5 Rf5 23. Be7 Bxb5 24. cxb5 Re8 25. Bxd6 Nd7 26. Bc7 Bxc7 27. Qxd7 Rd8 28. Qxc7 Rxd1+ 29. Bxd1 Qe3 30. Qd8+ Rf8 31. Qg5+ Kh8 32. h3 Qxc1 33.
Qe5+ Kg8 34. Qxe6+ Rf7 35. Qd5 Qe3 36. Kh2 Qe7 37. Bc2 Qd7 38. Be4 Qxd5 39. Bxd5 Kg7 40. Bxf7 Kxf7 41. Kg1 b6 42. Kf2 Kf6 43. Ke2 Ke5 44. Kd3 Kd5 45. a4 Kc5 46. Kc3 h5 47. h4 Kd5 48. b4 axb4+ 49. Kxb4 Kd4 50. a5 1-0

[Event "Early-Titled-Tuesday-Blitz-May-28-2024"]
[Site "Chess.com"]
[Date "2024.05.28"]
[Round "3"]
[White "sammartin99"]
[Black "nikitakhoroshev"]
[Result "1-0"]
[WhiteElo "2298"]
[BlackElo "2474"]
[TimeControl "180+1"]
[EndTime "8:29:26 PDT"]
[Termination "sammartin99 won by resignation"]

1. d4 Nf6 2. c4 c5 3. d5 b5 4. cxb5 a6 5. b6 g6 6. Nc3 Bg7 7. e4 d6 8. Nf3 O-O 9. Be2 Nbd7 10. O-O Nxb6 11. a4 a5 12. h3 Bb7 13. Qc2 Nfd7 14. Bf4 c4 15. Be3 Ba6 16. Nd4 Nc5 17. Nc6 Qc7 18. e5 Nb3 19. Rad1 dxe5 20. Nxe7+ Qxe7 21.
Bxb6 Rfb8 22. d6 Qd7 23. Bc7 Rc8 24. Bg4 f5 25. Bf3 Nd4 26. Rxd4 exd4 27. Nd5 d3 28.
Qc1 Rxc7 29. dxc7 Rf8 30. Qf4 Bb7 31. Nb6 Qe8 32. Bxb7 Be5 33. Qxc4+ Kg7 34. c8=Q Qe7 35. Qd7 Rf7 36. Qxe7 Rxe7 37. Nd5 Rxb7 38. Qxd3 Bxb2 39. Re1 Rf7 40. Re7 Bf6 41. Rxf7+ Kxf7 42. Nxf6 Kxf6 43. Qb5 Kg5 44. Qxa5 h6 45. Qc3 h5 46. Qg3+ Kh6 47. h4 f4 48. Qg5+ Kh7 49. a5 f3 50. gxf3 Kg7 51.
Qe5+ Kh6 52. a6 g5 53. Qxg5+ Kh7 54. a7 Kh8 55. Qe7 1-0

[Event "Early-Titled-Tuesday-Blitz-May-28-2024"]
[Site "Chess.com"]
[Date "2024.05.28"]
[Round "3"]
[White "BardArtem"]
[Black "CristianS27"]
[Result "1-0"]
[WhiteElo "2810"]
[BlackElo "2521"]
[TimeControl "180+1"]
[EndTime "8:29:27 PDT"]
[Termination "BardArtem won on time"]

1. Nf3 Nf6 2. b3 g6 3. Bb2 Bg7 4. e3 O-O 5. c4 c5 6. Be2 Nc6 7. O-O d6 8. d4 cxd4 9. Nxd4 Nxd4 10. Bxd4 Bf5 11. Bf3 Qd7 12. Bb2 Rac8 13. Nc3 Bg4 14. Nd5 Bxf3 15. Qxf3 Nxd5 16. Bxg7 Kxg7 17. Qxd5 Qc6 18.
Qd4+ f6 19. Qxa7 Ra8 20. Qd4 Ra3 21. Rfd1 Rfa8 22. Qb2 Qc5 23. h3 Qe5 24. Qc2 Qa5 25. Rd5 Qb6 26. Rb5 Qa6 27. Qd2 Rxa2 28. Rxa2 Qxa2 29.
Qxa2 Rxa2 30. Rxb7 Kf7 31. g3 Ke6 32. Kg2 h5 33. Rb6 Kd7 34. h4 Rb2 35. Rb8 Kc7 36. Rg8 Rxb3 37. Rxg6 Rc3 38. Rh6 Rxc4 39. Rxh5 Kd7 40.
Rh8 Ke6 41. Kf3 Ra4 42. g4 Kf7 43. Rh7+ Ke6 44. h5 d5 45. h6 d4 46. exd4 Rxd4 47. Rg7 Rd1 48. Kg2 Rd8 49. h7 Rh8 50. f4 Kd6 51. Kf3 e5 52. g5 fxg5 53. fxg5 Ke6 54. g6 Kf6 55. Rg8 e4+ 56. Kxe4 Rxh7 57. gxh7 1-0

[Event "Early-Titled-Tuesday-Blitz-May-28-2024"]
[Site "Chess.com"]
[Date "2024.05.28"]
[Round "3"]
[White "Alex_Sahakyan2006"]
[Black "DishonorOnYourCow"]
[Result "0-1"]
[WhiteElo "2848"]
[BlackElo "2596"]
[TimeControl "180+1"]
[EndTime "8:29:28 PDT"]
[Termination "DishonorOnYourCow won by checkmate"]

1. e4 c5 2. Nf3 d6 3. Nc3 a6 4. g3 Nc6 5. Bg2 g6 6. d4 cxd4 7. Nxd4 Bg7 8. Be3 Bd7 9. O-O Nf6 10. h3 O-O 11. a4 Rc8 12. Nxc6 Bxc6 13. a5 Nd7 14. Bd4 e5 15. Be3 Nc5 16. Nd5 f5 17.
exf5 gxf5 18. f4 e4 19. Nb6 Rc7 20. Nc4 Bb5 21. Qd5+ Kh8 22. Rfd1 Na4 23. Nxd6 Rd7 24. Bd4 Qe7 25. Bxg7+ Qxg7 26. Rd4 Bc6 27. Qe5 Nxb2 28. Rb1 Na4 29. c4 Nc3 30. Rb2 Re7 31. Qxg7+ Kxg7 32. g4 e3 33. Nxf5+ Rxf5 34. gxf5 e2 35. f6+ Kxf6 36. Rd6+ Kg7 37. f5 e1=Q+ 38. Bf1 Qg3+ 39. Rg2 Bxg2 40. f6+ Kf7 41. Bxg2 Qxd6 42. fxe7 Qxe7 43. c5 Qxc5+ 44. Kh1 Qxa5 45. Bxb7 Qa1+ 46. Kh2 Ne2 47. Bg2 Nd4 48. Bd5+ Ke7 49. Be4 Qc1 50. Kg3 Qe3+ 51.
Kg4 Qxe4+ 52. Kh5 Qf5+ 53. Kh4 Qf4+ 54. Kh5 Ne6 55. h4 Qf5+ 56. Kh6 Qg6# 0-1

[Event "Early-Titled-Tuesday-Blitz-May-28-2024"]
[Site "Chess.com"]
[Date "2024.05.28"]
[Round "3"]
[White "MrLion3000"]
[Black "SipahiPower"]
[Result "1/2-1/2"]
[WhiteElo "2785"]
[BlackElo "2517"]
[TimeControl "180+1"]
[EndTime "8:29:28 PDT"]
[Termination "Game drawn by repetition"]

1. e4 e6 2. d3 d5 3. Nd2 Nf6 4. Ngf3 Nc6 5. e5 Nd7 6. d4 f6 7.
exf6 Qxf6 8. c3 Bd6 9. Be2 O-O 10. O-O e5 11. dxe5 Ndxe5 12. Nb3 Be6 13. Nbd4 Nxf3+ 14. Nxf3 Rae8 15. Bg5 Qg6 16. Bh4 Ne5 17. Bg3 Nxf3+ 18. Bxf3 Bxg3 19. hxg3 c6 20. Qd4 a6 21. Rfe1 Bf5 22.
Qb6 Qf7 23. a4 Re7 24. Rxe7 Qxe7 25. a5 Re8 26. Rd1 Bc2 27. Rc1 Bd3 28. Qd4 Bg6 29. c4 dxc4 30. Qxc4+ Bf7 31. Qd4 Rd8 32. Qc3 Re8 33.
b4 h6 34. g4 Qe5 35. Qd2 Bg6 36. Rd1 Kh7 37. Rc1 Re7 38. Rd1 Re8 39. Rc1 Re7 40. Qc3 Qxc3 41. Rxc3 Re1+ 42. Kh2 Rb1 43. Rc4 Re1 44.
Kg3 Re7 45. Kf4 Bf7 46. Rd4 Bg6 47. Rd6 Rf7+ 48. Ke3 Re7+ 49. Kd4 Be8 50. Be4+ Kg8 51. f3 Kf8 52. Kc5 Re5+ 53. Kc4 Ke7 54. Rd2 Bd7 55. Kd4 Rb5 56. Kc3 Re5 57. Kd4 Rb5 58.
Kc3 Re5 59. Kd4 1/2-1/2